 Dungeon Crawl Stone Soup version 0.30-a0-715-gdb4ae3ece1 (webtiles) character file.

Game seed: 2258324031863315386

627 M4edhros the Spear-Bearer (level 7, -15/46 HPs)
             Began as an Octopode Fighter on Jan 24, 2023.
             Was a Follower of Zin.
             Killed from afar by a steam dragon (23 damage)
             ... with a ball of steam
             ... on level 5 of the Dungeon.
             The game lasted 00:03:31 (3889 turns).

M4edhros the Spear-Bearer (Octopode Fighter)        Turns: 3889, Time: 00:03:32

Health: -15/46     AC:  1    Str: 15    XL:     7   Next: 48%
Magic:  7/7        EV: 13    Int: 11    God:    Zin [*.....]
Gold:   247        SH:  9    Dex: 13    Spells: 6/6 levels left

rFire   . . .      SeeInvis .    a - +0 trident
rCold   . . .      Faith    .    b - +0 buckler
rNeg    . . .      Spirit   .    (helmet restricted)
rPois   .          Reflect  +    k - amulet of reflection
rElec   .          Harm     .    (no ring)
rCorr   .          Rampage  .    (no ring)
Will    .....                    (no ring)
Stlth   ++                       (no ring)
HPRegen 0.27/turn                (no ring)
MPRegen 0.10/turn                (no ring)
                                 (no ring)
                                 (no ring)

@: mighty
A: almost no armour, amphibious, 8 rings, camouflage 1, gelatinous body 1,
(nimble swimmer 1), tentacles
a: Renounce Religion, Recite, Donate Gold


You were on level 5 of the Dungeon.
You worshipped Zin.
Zin was aware of your devotion.
You visited 2 branches of the dungeon, and saw 6 of its levels.

You collected 274 gold pieces.
You donated 27 gold pieces to Zin.

Inventory:

Hand Weapons
 a - a +0 trident (weapon)
Missiles
 l - 9 poisoned darts (quivered)
 y - a throwing net
Armour
 b - a +0 buckler (worn)
Jewellery
 k - an amulet of reflection (around mantle)
Scrolls
 f - a scroll of torment {unknown}
 g - 3 scrolls of noise {unknown}
 i - a scroll of immolation {unknown}
 j - 2 scrolls of vulnerability {unknown}
 m - a scroll of enchant armour {unknown}
 n - 5 scrolls of identify {unknown}
 r - a scroll of amnesia {unknown}
 t - 2 scrolls of teleportation {unknown}
 w - a scroll of silence {unknown}
 x - a scroll of fear {unknown}
Potions
 c - 2 potions of might
 d - 4 potions of brilliance
 e - 3 potions of curing {unknown}
 h - 3 potions of lignification {unknown}
 o - a potion of flight {unknown}
 p - 2 potions of cancellation {unknown}
 q - a potion of degeneration {unknown}
 s - a potion of heal wounds {unknown}
 u - a potion of attraction {unknown}
 v - a potion of ambrosia {unknown}


   Skills:
 - Level 3.0 Fighting
 + Level 8.1 Polearms
 - Level 3.0 Dodging
 - Level 3.0 Shields


You had 6 spell levels left.
You didn't know any spells.
Your spell library contained the following spells:

 Spells                   Type           Power      Damage    Failure   Level
 Sandblast                Erth           0%         2d4       43%         1
 Summon Small Mammal      Summ           0%         N/A       43%         1
 Cigotuvi's Dreadful Rot  Necr/Pois/Air  0%         N/A       56%         2
 Ensorcelled Hibernation  Hex/Ice        0%         N/A       56%         2
 Passwall                 Tmut/Erth      0%         N/A       56%         2
 Call Canine Familiar     Summ           0%         N/A       80%         3
 Stone Arrow              Conj/Erth      0%         3d7       80%         3
 Summon Guardian Golem    Hex/Summ       0%         N/A       80%         3
 Swiftness                Air            0%         N/A       80%         3
 Dispel Undead            Necr           0%         3d6       99%         4
 Death Channel            Necr           0%         N/A       100%        6


Dungeon Overview and Level Annotations

Branches:
Dungeon (5/15)             Temple (1/1) D:5

Altars:
Ashenzari
Cheibriados
Dithmenos
Fedhas
Hepliaklqana
Kikubaaqudgha
Nemelex Xobeh
Ru
Uskayaw
Wu Jian
Zin
The Shining One


Innate Abilities, Weirdness & Mutations

You cannot wear most types of armour.
You are amphibious.
You can wear up to eight rings at the same time.
Your skin changes colour to match your surroundings (Stealth+).
Your rubbery body absorbs attacks. (AC +1, EV +1)
((You are camouflaged when in or above water. (Stealth+)))
You have tentacles for arms and can constrict up to eight enemies at once.


Message History

There is an open door here.
You open the door.
There is an open door here.
There is an open door here.
There is an open door here.
You open the door.
A steam dragon comes into view.
There is an open door here.
A steam dragon is nearby!
You closely miss the steam dragon. The steam dragon breathes steam at you.
The ball of steam misses you.
You barely miss the steam dragon.
You are engulfed in a cloud of scalding steam.
The steam dragon bites you. The steam dragon closely misses you.
You barely miss the steam dragon. Your squeeze misses the steam dragon.
You block the steam dragon's attack. The steam dragon barely misses you.
You puncture the steam dragon!
The steam dragon is moderately wounded.
The steam dragon misses you. The steam dragon barely misses you.
You hit the steam dragon but do no damage.
Your squeeze misses the steam dragon.
The steam dragon is moderately wounded.
The steam dragon breathes steam at you. The ball of steam hits you!!
You are too injured to fight recklessly!
You are too injured to fight recklessly!
You are too injured to fight recklessly!
You are too injured to fight recklessly!
You are too injured to fight recklessly!
You feel very mighty all of a sudden. The steam dragon bites you!
* * * LOW HITPOINT WARNING * * *
The steam dragon closely misses you.
You puncture the steam dragon!
The steam dragon is heavily wounded.
The steam dragon breathes steam at you. The ball of steam hits you!!
Ouch! That really hurt!
You die...

#####.........#'##....#..
#.........#..#....###
+.........#..#....#..
#....#########....#..
#....# #........#.. #....#
#....#####.. #....#
#....+...... #....#
+....#...... ######...@#
###....#####'# #......#D##
#.............
#......#....#.............
#......#....+.............
#......#....#.............
#......######..........)..
#######. ..#######...... .
.. #...... . #......


You could see a steam dragon (catching breath).

Vanquished Creatures
  An ogre (D:5)
  Blork the orc (D:4)
  A necrophage (D:4)
  2 scorpions
  2 orc priests (D:3)
  A jelly (D:4)
  8 adders
  2 gnolls
  4 worms
  4 dart slugs
  8 orcs
  9 ball pythons
  5 bats
  4 endoplasms
  6 giant cockroaches
  6 goblins
  9 hobgoblins
  3 jackals (D:2)
  4 kobolds
  3 quokkas
  6 frilled lizards
  11 rats
100 creatures vanquished.

Notes
Turn   | Place    | Note
-------+----------+-------------------------------------------
     0 | D:1      | M4edhros the Octopode Fighter began the quest for the Orb.
     0 | D:1      | Reached XP level 1. HP: 16/16 MP: 1/1
    67 | D:1      | Found a faded altar of an unknown god.
   148 | D:1      | Reached XP level 2. HP: 21/21 MP: 2/2
   231 | D:1      | Reached skill level 3 in Polearms
   240 | D:1      | Reached XP level 3. HP: 19/26 MP: 3/3
   925 | D:2      | Reached skill level 4 in Polearms
  1075 | D:2      | Reached XP level 4. HP: 25/31 MP: 4/4
  1432 | D:2      | Reached skill level 5 in Polearms
  1478 | D:2      | Reached XP level 5. HP: 36/36 MP: 5/5
  1982 | D:3      | Found a hazy altar of Hepliaklqana.
  2775 | D:4      | Reached skill level 6 in Polearms
  2775 | D:4      | Reached XP level 6. HP: 34/42 MP: 6/6
  2981 | D:4      | Noticed Blork the orc
  2991 | D:4      | Killed Blork the orc
  2992 | D:4      | Reached skill level 7 in Polearms
  3241 | D:4      | Reached XP level 7. HP: 46/46 MP: 7/7
  3413 | D:5      | Entered Level 5 of the Dungeon
  3455 | D:5      | Found a staircase to the Ecumenical Temple.
  3466 | Temple   | Entered the Ecumenical Temple
  3540 | Temple   | Became a worshipper of Zin the Law-Giver
  3540 | Temple   | Reached * piety under Zin
  3702 | D:5      | Reached skill level 8 in Polearms
  3880 | D:5      | Noticed a steam dragon
  3889 | D:5      | Killed from afar by a steam dragon

Illustrated notes

Levels and vault maps discovered:
D:1:      wander_arrival_lonely_grave, layout_basic,
          shapermc_ecumenical_altar_starsandcircs
D:2:      layout_basic, ebering_dispersal_statue_hall
D:3:      layout_loops_corners, worldfamousw_hep_ancestral_shrine,
          minmay_distorted
D:4:      layout_rooms, uniq_blork_the_orc
D:5:      layout_gridville, minmay_temple_entry_glassed_door
Temple:   nicolae_temple_elliptical

Skill      XL: |  1  2  3  4  5  6  7 |
---------------+----------------------+-----
Polearms       | 3 4 5 6 7 8 |  8.1
Fighting       | |  3.0
Dodging        | |  3.0
Shields        | |  3.0

Action                     |  1- 3 |  4- 6 |  7- 9 || total
---------------------------+-------+-------+-------++-------
  Melee: Trident           |    62 |   132 |    29 ||   223
         Constrict         |    12 |    25 |     2 ||    39
         Tentacles         |     6 |    22 |     4 ||    32
         Punch             |       |     1 |       ||     1
    Use: Potion            |       |     1 |     1 ||     2
   Stab: Sleeping          |     9 |    17 |     3 ||    29
 Armour: Skin              |     3 |     4 |       ||     7
  Dodge: Dodged            |    26 |    31 |    12 ||    69
  Block: Buckler           |    15 |    28 |     4 ||    47
         Reflection        |       |     3 |       ||     3

Table legend: (Time is in decaauts)
 A = Elapsed time spent in this place.
 B = Non-inter-level travel time spent in this place.
 C = Inter-level travel time spent in this place.
 D = Time resting spent in this place.
 E = Time spent auto-exploring this place.
 F = Levels seen in this place.
 G = Mean time per level.
                   A        B        C        D        E       F      G
               +--------+--------+--------+--------+--------+-----+--------+
         Total |   3905 |   3762 |    143 |      0 |   3128 |   6 |  650.8 |
       Dungeon |   3817 |   3688 |    129 |      0 |   3086 |   5 |  763.4 |
        Temple |     88 |     74 |     14 |      0 |     42 |   1 |   88.0 |
               +--------+--------+--------+--------+--------+-----+--------+

Top non-repeatable levels by time:
     D:2: 1019 daAuts
     D:1: 924 daAuts
     D:3: 818 daAuts
     D:4: 668 daAuts
     D:5: 386 daAuts
  Temple: 88 daAuts
